 Dungeon Crawl Stone Soup version 0.26.1-10-gdfb7c7de75 (webtiles) character file.

Game seed: 7367315364315860486

4266 infcreate the Covert (level 10, -10/56 HPs)
             Began as a Vampire Enchanter on Apr 6, 2021.
             Was a Believer of Dithmenos.
             Killed from afar by an electric eel (12 damage)
             ... with a bolt of electricity
             ... on level 9 of the Dungeon.
             The game lasted 00:50:28 (11301 turns).

infcreate the Covert (Vampire Enchanter)           Turns: 11301, Time: 00:50:28

Health: -10/56     AC: 10    Str:  7    XL:     10   Next: 10%
Magic:  15/16      EV: 17    Int: 18    God:    Dithmenos [**....]
Gold:   439        SH:  0    Dex: 18    Spells: 6/18 levels left

rFire    + . .     SeeInvis +   a - +1 dagger
rCold    + . .     Faith    .   (no shield)
rNeg     + + +     Spirit   .   u - +2 steam dragon scales
rPois    ∞         Reflect  .   q - +0 helmet
rElec    .         Harm     .   (no cloak)
rCorr    .         Rampage  .   C - +0 pair of gloves
Will     +....                  x - +0 pair of boots
Stlth    +++++++++.             g - amulet of regeneration
HPRegen  0.00/turn              F - ring of fire
MPRegen  0.15/turn              (no ring)

@: bloodless, wreathed by umbra
A: fangs 3, see invisible, unbreathing
a: Bat Form, Revivify, Renounce Religion, Shadow Step


You were on level 9 of the Dungeon.
You worshipped Dithmenos.
Dithmenos was pleased with you.
You visited 2 branches of the dungeon, and saw 10 of its levels.
You also visited: Sewer.

You collected 599 gold pieces.
You spent 160 gold pieces at shops.


Innate Abilities, Weirdness & Mutations

You do not regenerate when monsters are visible.
You are frail without blood (-20% HP).
You can heal yourself when you bite living creatures.
You are immune to poison.
You have razor-sharp teeth.
You have supernaturally acute eyesight. (SInv)
You can survive without breathing.


   Skills:
 + Level 3.9 Fighting
 * Level 7.3 Short Blades
 * Level 7.3 Dodging
 * Level 11.1 Stealth
 + Level 4.6 Spellcasting
 * Level 10.2 Hexes


You had 6 spell levels left.
You knew the following spells:

 Your Spells              Type           Power        Failure   Level
c - Corona                Hex            45%          1%          1
d - Tukima's Dance        Hex            41%          1%          3
e - Ensorcelled Hibernat  Hex/Ice        44%          2%          2
f - Dazzling Flash        Conj/Hex       44%          4%          3
t - Confusing Touch       Hex            41%          1%          3

Your spell library contained the following spells:

 Spells                   Type           Power        Failure   Level
 Animate Skeleton         Necr           8%           14%         1
 Apportation              Tloc           8%           14%         1
 Summon Small Mammal      Summ           16%          14%         1
 Malign Gateway           Summ/Tloc      2%           100%        7
 Monstrous Menagerie      Summ           2%           100%        7
 Summon Greater Demon     Summ           2%           100%        7
 Summon Horrible Things   Summ           2%           100%        8

Inventory:

Hand Weapons
 a - a +1 dagger (weapon)
 y - a +1 dagger of venom
Armour
 q - a +0 helmet (worn)
 u - +2 steam dragon scales (worn)
 x - a +0 pair of boots (worn)
 C - a +0 pair of gloves (worn)
Jewellery
 g - an amulet of regeneration (around neck)
 F - a ring of fire (left hand)
Wands
 b - a wand of polymorph (6)
 A - a wand of acid (16)
Scrolls
 c - 2 scrolls of fog
 e - 11 scrolls of teleportation {@r4}
 l - a scroll of blinking {unknown}
 r - a scroll of enchant weapon {unknown}
 s - 3 scrolls of remove curse {@r2}
 v - a scroll of identify {@r1}
 B - a scroll of fear {unknown}
 D - 3 scrolls of immolation
Potions
 d - 2 potions of haste {unknown}
 f - 2 potions of resistance {unknown}
 h - 3 potions of mutation
 i - 3 potions of curing {@q1}
 j - 3 potions of brilliance {unknown}
 k - 2 potions of invisibility {unknown}
 m - 3 potions of lignification {unknown}
 n - 2 potions of ambrosia {unknown}
 o - a potion of attraction {unknown}
 p - a potion of degeneration {unknown}
 t - 2 potions of cancellation {unknown}
 z - a potion of might {unknown}

Dungeon Overview and Level Annotations

Branches:
Dungeon (9/15)             Temple (1/1) D:4           Sewer (visited)
   Lair: D:8-11         Orc: D:9-12

Altars:
Ashenzari
Cheibriados
Dithmenos
Elyvilon
Fedhas
Gozag
Hepliaklqana
Kikubaaqudgha
Makhleb
Nemelex Xobeh
Okawaru
Qazlal
Ru
Sif Muna
Trog
Uskayaw
Vehumet
Wu Jian
Xom
Yredelemnul
Zin
The Shining One

Shops:
D:4 *   D:5 (   D:8 =

Annotations:
D:8 1 runed translucent door

≈≈.≈ ♣.## ≈≈
♣.# #♣≈≈ ♣.##
≈≈≈≈.≈≈♣..#
♣≈≈≈.≈≈♣P.#
♣≈≈≈.≈≈♣♣.#
♣♣≈≈≈.≈≈♣♣.#
♣♣≈≈≈P.≈♣♣..#
≈P≈≈P≈.P≈.@##
l≈≈;≈≈.≈..##
..!......##
≈≈≈≈≈≈...#
≈≈≈≈≈P≈≈##
≈≈≈≈≈≈≈;#
≈≈≈≈≈≈≈##
≈≈≈≈≈≈#
≈≈≈≈≈#


You could see 2 electric eels.


Message History

Found a silvery potion.
An electric eel comes into view.
Casting: Confusing Touch (safe; 1% risk of failure)
Confirm with . or Enter, or press ? or * to list all spells.
Aiming: Ensorcelled Hibernation (safe; 2% risk of failure)
Press: ? - help, Shift-Dir - straight line, f - electric eel
Aim: an electric eel (wandering, hasn't noticed you, umbra, chance to affect: 61%)
The electric eel looks drowsy...
The electric eel shoots out a bolt of lightning at you!
The bolt of electricity hits you!
You enter the shallow water.
Moving in this stuff is going to be slow.
The electric eel shoots out a bolt of lightning at you!
The bolt of electricity hits you!
The electric eel shoots out a bolt of lightning at you!
The bolt of electricity hits you.
Your unstable footing causes you to fumble your attack.
Your unstable footing causes you to fumble your attack.
The electric eel shoots out a bolt of lightning at you!
The bolt of electricity hits you!
* * * LOW HITPOINT WARNING * * *
The iguana hisses angrily.
The electric eel shoots out a bolt of lightning at you!
The bolt of electricity hits you!
* * * LOW HITPOINT WARNING * * *
Something bites the plant!
The plant begins to die.
The electric eel shoots out a bolt of lightning at you!
The bolt of electricity hits the plant!
The plant begins to die.
The bolt of electricity hits you!
You die...

Skill      XL: |  1  2  3  4  5  6  7  8  9 |
---------------+----------------------------+-----
Short Blades   | 2 3 4 5 7 |  7.3
Stealth        | 5 6 7 8 9 11 | 11.1
Hexes          | 5 6 7 8 10 | 10.2
Fighting       | 1 2 3 |  3.9
Dodging        | 3 4 5 7 |  7.3
Spellcasting   | 3 4 |  4.6

Action                   |  1- 3 |  4- 6 |  7- 9 | 10-12 || total
-------------------------+-------+-------+-------+-------++-------
Melee: Dagger            |   112 |   156 |   350 |    27 ||   645
       Bite              |    11 |     8 |    26 |     3 ||    48
 Cast: Corona            |    11 |     5 |     7 |     1 ||    24
       Ensorcelled Hiber |    20 |    21 |    61 |     8 ||   110
       Confusing Touch   |       |    14 |    27 |     5 ||    46
 Abil: Exsanguinate      |     1 |       |       |       ||     1
  Use: Scroll            |       |     6 |     5 |       ||    11
 Stab: Sleeping          |    22 |    20 |    59 |     5 ||   106
       Distracted        |     1 |     1 |       |       ||     2
       Confused          |       |    12 |    23 |     5 ||    40
Armor: Robe              |     9 |    18 |    38 |       ||    65
       Steam dragon scal |       |       |     3 |     1 ||     4
Dodge: Dodged            |    76 |    89 |   201 |     7 ||   373

Levels and vault maps discovered:
D:1:      nicolae_arrival_somewhat_less_tricky_arrival, layout_basic,
          chequers_serial_rivers_micro_a
D:2:      layout_basic, old_standard_altar, nicolae_qazlal_style_of_elements,
          kennysheep_slug_shrine, uniq_robin
D:3:      layout_basic, old_standard_altar, eat_drink_and_be_merry_uskayaw,
          gammafunk_ghost_icy, uniq_terence, uniq_sigmund
D:4:      layout_rooms, bloody_makhleb, general_overflow_altar,
          minmay_temple_entry_junction, serial_shops, shop
D:5:      minmay_octagon_keep, layout_basic, old_standard_altar,
          gammafunk_temple_overflow_elements, serial_shops, shop,
          serial_bayou_pond_b, uniq_ijyb
D:6:      layout_gridville, fedhas_ov_isle_minmay, gup_sewer_entry_bubbles
D:7:      layout_rooms, uniq_pikel, uniq_maggie
D:8:      layout_loops_corners, serial_shops, shop, lemuel_angel_altar
D:9:      layout_basic, cheibrodos_ashenzari_chains, basic_altar,
          serial_bayou_lagoon_b
Temple:   dpeg_chambers_temple

Notes
Turn   | Place    | Note
-------+----------+-------------------------------------------
     0 | D:1      | infcreate the Vampire Enchanter began the quest for the
                  | Orb.
     0 | D:1      | Reached XP level 1. HP: 13/13 MP: 3/3
   655 | D:1      | Reached XP level 2. HP: 4/15 MP: 3/5
   658 | D:1      | Learned a level 2 spell: Ensorcelled Hibernation
  1755 | D:2      | Found a basalt altar of Yredelemnul.
  1840 | D:2      | Reached XP level 3. HP: 20/20 MP: 2/6
  2072 | D:2      | Noticed Robin
  2297 | D:1      | Reached skill level 2 in Short Blades
  2340 | D:1      | Reached skill level 5 in Stealth
  2469 | D:2      | Found a snail-covered altar of Cheibriados.
  2737 | D:2      | Noticed a water elemental
  2739 | D:2      | Found a stormy altar of Qazlal.
  2740 | D:2      | Noticed a fire elemental
  2740 | D:2      | Noticed an air elemental
  2740 | D:2      | Noticed an earth elemental
  3100 | D:2      | Killed Robin
  3354 | D:2      | Reached skill level 5 in Hexes
  3442 | D:2      | Reached XP level 4. HP: 24/24 MP: 7/7
  3483 | D:2      | Learned a level 3 spell: Confusing Touch
  3668 | D:3      | Found a hide-covered altar of Uskayaw.
  3691 | D:3      | Noticed ZZKoverts's ghost (amateur OpBr)
  3704 | D:3      | Found a sacrificial altar of Ru.
  3877 | D:3      | Noticed Sigmund
  3933 | D:3      | Reached skill level 1 in Fighting
  3959 | D:3      | Noticed Terence
  3965 | D:3      | Killed Terence
  3992 | D:3      | Found a runed translucent gate.
  3992 | D:3      | Found a runed translucent gate.
  3994 | D:3      | Found a runed translucent gate.
  4016 | D:3      | Reached XP level 5. HP: 29/29 MP: 5/8
  4222 | D:3      | Reached skill level 3 in Dodging
  4774 | D:3      | Reached skill level 3 in Short Blades
  4934 | D:3      | Reached skill level 6 in Stealth
  4977 | D:3      | Killed Sigmund
  4978 | D:3      | Reached skill level 6 in Hexes
  4978 | D:3      | Reached XP level 6. HP: 30/34 MP: 6/10
  5162 | D:3      | Killed ZZKoverts's ghost
  5347 | D:4      | Found Zorholee's Assorted Antiques.
  5352 | D:4      | Bought a glowing bone amulet for 160 gold pieces
  5372 | D:4      | Found a bloodstained altar of Trog.
  5422 | D:4      | Found a burning altar of Makhleb.
  5544 | D:4      | Found a staircase to the Ecumenical Temple.
  5578 | Temple   | Entered the Ecumenical Temple
  5775 | Temple   | Became a worshipper of Dithmenos the Shadowed
  5883 | D:4      | Reached skill level 7 in Stealth
  5883 | D:4      | Reached XP level 7. HP: 39/39 MP: 6/11
  6293 | D:5      | Entered Level 5 of the Dungeon
  6359 | D:5      | Found Giulof's Weapon Emporium.
  6366 | D:5      | Found an iron altar of Okawaru.
  6375 | D:5      | Reached skill level 4 in Dodging
  6394 | D:5      | Reached skill level 3 in Spellcasting
  6566 | D:5      | Noticed Ijyb
  6569 | D:5      | Paralysed by Ijyb for 3 turns
  6581 | D:5      | Reached skill level 4 in Short Blades
  6582 | D:5      | Paralysed by Ijyb for 7 turns
  6597 | D:5      | Paralysed by Ijyb for 5 turns
  6637 | D:5      | Killed Ijyb
  6765 | D:5      | Reached skill level 2 in Fighting
  6842 | D:5      | Reached skill level 7 in Hexes
  6992 | D:5      | Found a radiant altar of Vehumet.
  6992 | D:5      | Found a shimmering blue altar of Sif Muna.
  7298 | D:5      | Reached skill level 8 in Stealth
  7298 | D:5      | Reached XP level 8. HP: 44/44 MP: 8/12
  7421 | D:5      | Reached skill level 5 in Short Blades
  7421 | D:5      | Reached skill level 5 in Dodging
  7540 | D:5      | Reached * piety under Dithmenos
  7541 | D:5      | Reached skill level 8 in Hexes
  7743 | D:6      | Found a blossoming altar of Fedhas.
  8020 | D:6      | Reached skill level 9 in Stealth
  8054 | D:6      | Found a glowing drain.
  8061 | Sewer    | Entered a sewer
  8412 | Sewer    | Reached ** piety under Dithmenos
  8589 | D:6      | Reached skill level 3 in Fighting
  9112 | D:7      | Learned a level 3 spell: Tukima's Dance
  9116 | D:7      | Learned a level 3 spell: Dazzling Flash
  9141 | D:7      | Reached XP level 9. HP: 50/50 MP: 10/14
  9250 | D:7      | Reached skill level 6 in Dodging
  9284 | D:7      | Noticed Pikel
  9301 | D:7      | Killed Pikel
  9302 | D:7      | Reached skill level 6 in Short Blades
  9302 | D:7      | Reached skill level 4 in Spellcasting
  9302 | D:7      | Reached skill level 9 in Hexes
  9509 | D:7      | Reached skill level 10 in Stealth
  9609 | D:7      | Noticed Maggie
  9774 | D:7      | Killed Maggie
  9932 | D:8      | Found a glowing golden altar of the Shining One.
  9932 | D:8      | Found a runed translucent door.
  9932 | D:8      | Noticed an angel
  9974 | D:8      | Found Birysh's Jewellery Emporium.
 10315 | D:8      | Reached skill level 7 in Short Blades
 10315 | D:8      | Reached skill level 7 in Dodging
 10359 | D:8      | Reached skill level 10 in Hexes
 11023 | D:9      | Reached skill level 11 in Stealth
 11023 | D:9      | Reached XP level 10. HP: 56/56 MP: 16/16
 11175 | D:9      | Noticed a deep elf mage
 11177 | D:9      | Found a broken altar of Ashenzari.
 11298 | D:9      | HP: 2/56 [electric eel/bolt of electricity (14)]
 11301 | D:9      | Killed from afar by an electric eel

Vanquished Creatures
  Pikel (D:7)
  Maggie (D:7)
  Sigmund (D:3)
  A steam dragon (D:8)
  2 orc warriors
  6 sky beasts
  A black bear (D:9)
  A phantom (D:8)
  3 ogres
  An ice beast (D:8)
  A centaur (D:5)
  The ghost of ZZKoverts the Sneak, an amateur OpBr (D:3)
  5 bullfrogs
  A wyvern zombie (D:7)
  A scorpion (D:5)
  8 wights
  2 howler monkeys (D:5)
  2 bullfrog zombies
  5 hounds
  2 bullfrog skeletons
  A jelly (D:5)
  An orc priest (D:2)
  A centaur skeleton (D:7)
  4 orc wizards
  Ijyb (D:5)
  Terence (D:3)
  2 iguanas
  3 worker ants
  A hound skeleton (D:8)
  Robin (D:2)
  3 gnolls (D:4)
  9 adders
  A hound simulacrum (D:3)
  2 shadow imps (D:7)
  2 white imps (D:7)
  A howler monkey simulacrum (D:3)
  2 worker ant simulacra (D:3)
  2 ufetubi (D:7)
  An adder zombie (D:7)
  An adder skeleton (D:7)
  2 worms (D:6)
  4 dart slugs
  An adder simulacrum (D:3)
  10 leopard geckos
  23 orcs
  2 bats
  9 giant cockroaches
  15 goblins
  12 hobgoblins
  4 jackals
  3 quokkas
  4 ball pythons (Sewer)
  7 frilled lizards
  A giant cockroach simulacrum (D:3)
  A jackal zombie (D:5)
  5 kobolds
  6 rats
195 creatures vanquished.

Vanquished Creatures (others)
  A goblin (D:2)
  15 plants (D:9)
16 creatures vanquished.

Grand Total: 211 creatures vanquished

Table legend: (Time is in decaauts)
 A = Elapsed time spent in this place.
 B = Non-inter-level travel time spent in this place.
 C = Inter-level travel time spent in this place.
 D = Time resting spent in this place.
 E = Time spent auto-exploring this place.
 F = Levels seen in this place.
 G = Mean time per level.
                   A        B        C        D        E       F      G
               +--------+--------+--------+--------+--------+-----+--------+
         Total |  11272 |   9470 |   1802 |   3127 |    188 |  11 | 1024.7 |
       Dungeon |  10563 |   8787 |   1776 |   3045 |      0 |   9 | 1173.7 |
        Temple |    224 |    198 |     26 |      0 |    188 |   1 |  224.0 |
         Sewer |    484 |    484 |      0 |     82 |      0 |   1 |  484.0 |
               +--------+--------+--------+--------+--------+-----+--------+

Top non-repeatable levels by time:
     D:1: 2307 daAuts
     D:2: 1654 daAuts
     D:3: 1349 daAuts
     D:5: 1307 daAuts
     D:6: 1049 daAuts
     D:8: 925 daAuts
     D:7: 764 daAuts
     D:4: 734 daAuts
   Sewer: 484 daAuts
     D:9: 470 daAuts
  Temple: 224 daAuts

Table legend:
 A = Non-vault XP
 B = Vault XP
 C = Vault XP percentage of total XP
 D = Non-vault monster count
 E = Vault monster count
 F = Vault count percentage of total count
                 A         B        C        D         E       F
            +---------+---------+-------+---------+---------+-------
      Total |    3394 |    2701 |  44.3 |     134 |      62 |  31.6
            +---------+---------+-------+---------+---------+-------
        D:1 |      39 |      11 |  22.0 |      19 |       6 |  24.0
        D:2 |      69 |      27 |  28.1 |      14 |       6 |  30.0
        D:3 |      83 |     405 |  83.0 |      21 |       9 |  30.0
        D:4 |     164 |       0 |   0.0 |      12 |       0 |   0.0
        D:5 |     404 |     927 |  69.6 |      10 |      12 |  54.5
        D:6 |     351 |      29 |   7.6 |       8 |       7 |  46.7
        D:7 |     568 |    1079 |  65.5 |      22 |       2 |   8.3
        D:8 |     831 |       0 |   0.0 |      13 |       0 |   0.0
        D:9 |     885 |       0 |   0.0 |      15 |       0 |   0.0
      Sewer |       0 |     223 | 100.0 |       0 |      20 | 100.0
            +---------+---------+-------+---------+---------+-------
